AoeStats
← imissyouyuki

Arabia

510017265Analyzed
2v2 RM · 3d ago on Sep 29, 2026· 54m 29s· 4 players
Game mode
Random Map
Map size
Medium (4 player)
Population
200
Speed
Normal
Resources
Standard
Victory
Conquest
Starting age
Dark Age
Ending age
Imperial Age
RankedLock teamsTeams togetherTeam positionsShared explorationLock speedFull tech treeHidden civsTurbo modeCheats
Victory
Defeat
🇹🇼 Maya · Taiwan
1006
+16
🇲🇽 Portuguese · Mexico
978
+17
🇺🇸 Japanese · United States
1004
-17
🇺🇸 Italians · United States
986
-16
cone123
11:22 Feudal Age
10:22 Loom
12:59 Double-Bit Axe
16:56 Horse Collar
21:53 Castle Age
25:27 Wheelbarrow
24:42 Pikeman
25:25 Husbandry
28:32 Heavy Plow
32:48 Fletching
35:12 Bloodlines
38:15 Imperial Age
38:42 Forging
38:28 Bodkin Arrow
39:25 Conscription
40:12 Cavalier
43:13 Arquebus
44:54 Scale Barding Armor
46:28 Chemistry
imissyouyuki
3:51 Loom
10:09 Feudal Age
10:38 Double-Bit Axe
13:48 Horse Collar
16:55 Fletching
22:10 Castle Age
21:11 Padded Archer Armor
21:03 Gold Mining
22:09 Wheelbarrow
22:12 Crossbowman
23:38 Bodkin Arrow
25:42 Heavy Plow
26:55 Hand Cart
29:50 Stone Mining
30:13 Bow Saw
30:31 Thumb Ring
31:45 Leather Archer Armor
31:42 Forging
32:26 Ballistics
31:55 Eagle Warrior
32:20 Arson
32:36 Squires
37:16 Imperial Age
35:40 Iron Casting
35:05 Scale Mail Armor
37:27 Chain Mail Armor
38:24 Conscription
39:02 Bracer
39:32 Ring Archer Armor
40:03 Blast Furnace
39:34 Plate Mail Armor
40:07 Two-Man Saw
38:36 Arbalester
40:45 Holcans
43:18 Crop Rotation
43:54 Elite Plumed Archer
47:32 Chemistry
48:01 Elite Eagle Warrior
TeamBudRage
12:21 Feudal Age
16:00 Double-Bit Axe
15:57 Horse Collar
21:36 Castle Age
19:44 Gold Mining
20:56 Stone Mining
23:06 Wheelbarrow
22:18 Loom
22:45 Bow Saw
23:14 Gold Shaft Mining
27:14 Heavy Plow
32:21 Forging
33:54 Elite Skirmisher
41:55 Imperial Age
41:24 Iron Casting
40:50 Scale Mail Armor
40:43 Fletching
44:00 Hand Cart
43:34 Town Watch
43:31 Elite Samurai
48:47 Chain Mail Armor
51:23 Padded Archer Armor
52:19 Thumb Ring
52:24 Thumb Ring
ENJIN3AR
6:30 Loom
10:42 Feudal Age
18:17 Castle Age
16:38 Double-Bit Axe
16:35 Horse Collar
16:50 Gold Mining
19:01 Elite Skirmisher
21:07 Fletching
21:19 Padded Archer Armor
22:59 Wheelbarrow
24:11 Stone Mining
25:14 Bow Saw
26:25 Man-at-Arms
27:25 Squires
29:36 Long Swordsman
31:54 Heavy Plow
35:50 Ballistics
35:46 Fortified Wall
36:11 Husbandry
36:22 Bloodlines
37:57 Thumb Ring
38:11 Leather Archer Armor
38:53 Bodkin Arrow
39:08 Forging
39:04 Scale Barding Armor
44:15 Imperial Age
43:40 Light Cavalry
45:01 Bracer
45:04 Scale Mail Armor
45:58 Conscription
46:35 Ring Archer Armor
48:59 Treadmill Crane
50:20 Chemistry
Connection lost

Rejoining the realm…

Still unreachable

The connection could not be restored.

Session expired

The server has moved on; the page needs a fresh start.